| TOP OF THE 1ST |
|
Baltimore (APP) Orioles batting - Pitching for Cleveland (APP) Indians : RHP Tom Frost
|
|
Pitching: RHP Tom Frost
|
|
|
Batting: RHB Ruben Domingues
|
0-0: Ball 1-0: Foul Ball, location: 2F 1-1: Called Strike 1-2: Fly out, F8 (Flyball, 78XD, EV 83.1 MPH)
|
|
Batting: RHB C.J. Wells
|
0-0: Reached on error, E6 (Groundball, 6, EV 86.2 MPH)
|
|
Batting: LHB Jeremy Nuzzo
|
0-0: Swinging Strike 0-1: Ball 1-1: Foul Ball, location: 2F 1-2: Fly out, F4 (Line Drive, 3D, EV 67.5 MPH) Lined into DP, 4-3 (Line Drive, 3D, EV 65.0 MPH)
|
| Top of the 1st over - 0 runs, 0 hits, 1 error, 0 left on base; Baltimore (APP) 0 - Cleveland (APP) 0 |
| BOTTOM OF THE 1ST |
|
Cleveland (APP) Indians batting - Pitching for Baltimore (APP) Orioles : RHP Bob Bychyk
|
|
Pitching: RHP Bob Bychyk
|
|
|
Batting: RHB Patrick Pinault
|
0-0: Called Strike 0-1: Ground out 6-3 (Groundball, 6, EV 82.5 MPH)
|
|
Batting: RHB Justin Teague
|
0-0: Called Strike 0-1: SINGLE (Groundball, 6MD, EV 99.4 MPH)
|
|
Batting: LHB Shane Montalvo
|
0-0: Foul Ball, location: 2F 0-1: Called Strike 0-2: 2-RUN HOME RUN (Flyball, 9LD, EV 95.0 MPH), Distance : 358 ft
|
|
Batting: RHB Andy Lewis
|
0-0: Ball 1-0: Ball 2-0: Ball 3-0: Base on Balls
|
|
Batting: LHB Mesfin Azagba
|
0-0: Called Strike 0-1: Foul Ball, location: 2F 0-2: Ball 1-2: Grounds into double play, 4-6-3 (Groundball, 34, EV 79.4 MPH)
|
| Bottom of the 1st over - 2 runs, 2 hits, 0 errors, 0 left on base; Baltimore (APP) 0 - Cleveland (APP) 2 |
| TOP OF THE 2ND |
|
Baltimore (APP) Orioles batting - Pitching for Cleveland (APP) Indians : RHP Tom Frost
|
|
Batting: RHB Minoru Matsumoto
|
0-0: Swinging Strike 0-1: Foul Ball, location: 2F 0-2: Foul Ball, location: 2F 0-2: Ground out 1-3 (Groundball, 13S, EV 69.4 MPH)
|
|
Batting: LHB Chris Cohen
|
0-0: Ball 1-0: Foul Ball, location: 2F 1-1: Swinging Strike 1-2: Strikes out swinging
|
|
Batting: LHB Xue-liang Zhou
|
0-0: Foul Ball, location: 2F 0-1: Ball 1-1: Ball 2-1: Ball 3-1: Fly out, F7 (Flyball, 78M, EV 87.5 MPH)
|
| Top of the 2nd over - 0 runs, 0 hits, 0 errors, 0 left on base; Baltimore (APP) 0 - Cleveland (APP) 2 |
| BOTTOM OF THE 2ND |
|
Cleveland (APP) Indians batting - Pitching for Baltimore (APP) Orioles : RHP Bob Bychyk
|
|
Batting: LHB Sergei Stefanov
|
0-0: Called Strike 0-1: Called Strike 0-2: Ball 1-2: Fly out, F8 (Flyball, 8RD, EV 99.4 MPH)
|
|
Batting: RHB Luke Burnham
|
0-0: Swinging Strike 0-1: Ball 1-1: Foul Ball, location: 2F 1-2: Foul Ball, location: 2F 1-2: Foul Ball, location: 2F 1-2: Foul Ball, location: 2F 1-2: Ball 2-2: Ball 3-2: Strikes out swinging
|
|
Batting: RHB Jose Rodriguez
|
0-0: SINGLE (Flyball, 9LS, EV 90.6 MPH)
|
|
Batting: LHB Mario Garza
|
0-0: Ball 1-0: Ball 2-0: Ball 3-0: Called Strike 3-1: Foul Ball, location: 2F 3-2: Foul Ball, location: 2F 3-2: Strikes out swinging
|
| Bottom of the 2nd over - 0 runs, 1 hit, 0 errors, 1 left on base; Baltimore (APP) 0 - Cleveland (APP) 2 |
| TOP OF THE 3RD |
|
Baltimore (APP) Orioles batting - Pitching for Cleveland (APP) Indians : RHP Tom Frost
|
|
Batting: RHB Han Caspers
|
0-0: Foul Ball, location: 2F 0-1: Ball 1-1: Swinging Strike 1-2: Ball 2-2: Foul Ball, location: 2F 2-2: Foul Ball, location: 2F 2-2: Foul Ball, location: 2F 2-2: Strikes out swinging
|
|
Batting: LHB Edwin Cabral
|
0-0: Called Strike 0-1: Called Strike 0-2: Strikes out swinging
|
|
Batting: LHB Ivan Alvarez
|
0-0: Ball 1-0: Foul Ball, location: 2F 1-1: Swinging Strike 1-2: Strikes out swinging
|
| Top of the 3rd over - 0 runs, 0 hits, 0 errors, 0 left on base; Baltimore (APP) 0 - Cleveland (APP) 2 |
| BOTTOM OF THE 3RD |
|
Cleveland (APP) Indians batting - Pitching for Baltimore (APP) Orioles : RHP Bob Bychyk
|
|
Batting: RHB Patrick Pinault
|
0-0: SINGLE (Groundball, 25, EV 68.8 MPH) (infield hit)
|
|
Batting: RHB Justin Teague
|
0-0: Ball 1-0: Called Strike 1-1: Ball 2-1: Grounds into double play, 5-4-3 (Groundball, 5L, EV 82.5 MPH)
|
|
Batting: LHB Shane Montalvo
|
0-0: Called Strike 0-1: Ball 1-1: Ball 2-1: Ball 3-1: Ground out 4-3 (Groundball, 34, EV 103.8 MPH)
|
| Bottom of the 3rd over - 0 runs, 1 hit, 0 errors, 0 left on base; Baltimore (APP) 0 - Cleveland (APP) 2 |
| TOP OF THE 4TH |
|
Baltimore (APP) Orioles batting - Pitching for Cleveland (APP) Indians : RHP Tom Frost
|
|
Batting: RHB Ruben Domingues
|
0-0: Hit by Pitch
|
|
Batting: RHB C.J. Wells
|
0-0: Called Strike 0-1: Ball 1-1: Swinging Strike 1-2: Strikes out swinging
|
|
Batting: LHB Jeremy Nuzzo
|
0-0: Ball 1-0: SINGLE (Groundball, 6MD, EV 102.5 MPH) Ruben Domingues to second
|
|
Batting: RHB Minoru Matsumoto
|
0-0: Foul Ball, location: 2F 0-1: Ball 1-1: Foul Ball, location: 2F 1-2: Strikes out swinging
|
|
Batting: LHB Chris Cohen
|
0-0: Ball 1-0: Swinging Strike 1-1: Swinging Strike 1-2: Ball 2-2: Strikes out swinging
|
| Top of the 4th over - 0 runs, 1 hit, 0 errors, 2 left on base; Baltimore (APP) 0 - Cleveland (APP) 2 |
| BOTTOM OF THE 4TH |
|
Cleveland (APP) Indians batting - Pitching for Baltimore (APP) Orioles : RHP Bob Bychyk
|
|
Batting: RHB Andy Lewis
|
0-0: Called Strike 0-1: Ball 1-1: Ball 2-1: Ball 3-1: Base on Balls
|
|
Batting: LHB Mesfin Azagba
|
0-0: Ball 1-0: Foul Ball, location: 2F 1-1: Ball 2-1: Grounds into double play, 6-4-3 (Groundball, 6, EV 89.4 MPH)
|
|
Batting: LHB Sergei Stefanov
|
0-0: Called Strike 0-1: SOLO HOME RUN (Flyball, 9D, EV 100.6 MPH), Distance : 381 ft
|
|
Batting: RHB Luke Burnham
|
0-0: Ground out 5-3 (Groundball, 56, EV 82.5 MPH)
|
| Bottom of the 4th over - 1 run, 1 hit, 0 errors, 0 left on base; Baltimore (APP) 0 - Cleveland (APP) 3 |
| TOP OF THE 5TH |
|
Baltimore (APP) Orioles batting - Pitching for Cleveland (APP) Indians : RHP Tom Frost
|
|
Batting: LHB Xue-liang Zhou
|
0-0: Ball 1-0: Foul Ball, location: 2F 1-1: Ball 2-1: SOLO HOME RUN (Flyball, 9LD, EV 91.2 MPH), Distance : 353 ft
|
|
Batting: RHB Han Caspers
|
0-0: Ball 1-0: Ball 2-0: Ball 3-0: Base on Balls
|
|
Batting: LHB Edwin Cabral
|
0-0: Hit by Pitch Han Caspers to second
|
|
Batting: LHB Ivan Alvarez
|
0-0: Reached on error, E5 (Groundball, 25, EV 43.8 MPH) Han Caspers to third Edwin Cabral to second
|
|
Batting: RHB Ruben Domingues
|
0-0: Ball 1-0: Ball 2-0: Ball 3-0: Base on Balls Han Caspers scores Edwin Cabral to third Ivan Alvarez to second
|
|
Batting: RHB C.J. Wells
|
0-0: Ball 1-0: Called Strike 1-1: Ball 2-1: Ball 3-1: Called Strike 3-2: Foul Ball, location: 2F 3-2: Strikes out swinging
|
|
Batting: LHB Jeremy Nuzzo
|
0-0: Called Strike 0-1: Called Strike 0-2: Strikes out swinging
|
|
Batting: RHB Minoru Matsumoto
|
0-0: Ball 1-0: Called Strike 1-1: Ball 2-1: Ball 3-1: Foul Ball, location: 2F 3-2: SINGLE (Groundball, 6MD, EV 95.0 MPH) Edwin Cabral scores Ivan Alvarez to third Ruben Domingues to second Ivan Alvarez scores Ruben Domingues to third
|
|
Pitching: LHP Su-wu Pi
|
|
|
Batting: LHB Chris Cohen
|
0-0: Ball 1-0: Swinging Strike 1-1: Ball 2-1: Ball 3-1: Called Strike 3-2: SINGLE (Groundball, 6S, EV 70.6 MPH) (infield hit) Ruben Domingues scores Minoru Matsumoto to second
|
|
Batting: LHB Xue-liang Zhou
|
0-0: Ball 1-0: Ball 2-0: Called Strike 2-1: Fly out, F7 (Line Drive, 7S, EV 103.8 MPH)
|
| Top of the 5th over - 5 runs, 3 hits, 1 error, 2 left on base; Baltimore (APP) 5 - Cleveland (APP) 3 |
| BOTTOM OF THE 5TH |
|
Cleveland (APP) Indians batting - Pitching for Baltimore (APP) Orioles : RHP Bob Bychyk
|
|
Batting: RHB Jose Rodriguez
|
0-0: Ball 1-0: Ground out 5-3 (Groundball, 56, EV 111.9 MPH)
|
|
Batting: LHB Mario Garza
|
0-0: Ball 1-0: Ball 2-0: Called Strike 2-1: Bunt missed! 2-2: Ball 3-2: Foul Ball, location: 2F 3-2: Ground out 5-3 (Groundball, 56D, EV 82.5 MPH)
|
|
Batting: RHB Patrick Pinault
|
0-0: Ball 1-0: Ball 2-0: Called Strike 2-1: Called Strike 2-2: Ball 3-2: Base on Balls
|
|
Batting: RHB Justin Teague
|
0-0: Called Strike 0-1: Ball Patrick Pinault steals 2nd base 1-1: Ground out 6-3 (Groundball, 6, EV 78.1 MPH)
|
| Bottom of the 5th over - 0 runs, 0 hits, 0 errors, 1 left on base; Baltimore (APP) 5 - Cleveland (APP) 3 |
| TOP OF THE 6TH |
|
Baltimore (APP) Orioles batting - Pitching for Cleveland (APP) Indians : LHP Su-wu Pi
|
|
Batting: RHB Han Caspers
|
0-0: Foul Ball, location: 2F 0-1: Swinging Strike 0-2: Ball 1-2: Strikes out looking
|
|
Batting: LHB Edwin Cabral
|
0-0: Ball 1-0: Foul Ball, location: 2F 1-1: SINGLE (Groundball, 6S, EV 66.2 MPH) (infield hit)
|
|
Batting: LHB Ivan Alvarez
|
0-0: Swinging Strike 0-1: Swinging Strike 0-2: Ball 1-2: Ball 2-2: Strikes out swinging
|
|
Batting: RHB Ruben Domingues
|
0-0: Ball 1-0: Ball 2-0: Called Strike 2-1: Ball 3-1: Fly out, F8 (Line Drive, 8LM, EV 85.6 MPH)
|
| Top of the 6th over - 0 runs, 1 hit, 0 errors, 1 left on base; Baltimore (APP) 5 - Cleveland (APP) 3 |
| BOTTOM OF THE 6TH |
|
Cleveland (APP) Indians batting - Pitching for Baltimore (APP) Orioles : RHP Bob Bychyk
|
|
Batting: LHB Shane Montalvo
|
0-0: Ground out U3 (Groundball, 34S, EV 66.2 MPH)
|
|
Batting: RHB Andy Lewis
|
0-0: Called Strike 0-1: Foul Ball, location: 2F 0-2: Ball 1-2: Strikes out swinging
|
|
Batting: LHB Mesfin Azagba
|
0-0: Ball 1-0: Called Strike 1-1: Ball 2-1: Ball 3-1: Base on Balls
|
|
Batting: LHB Sergei Stefanov
|
0-0: Fielders Choice at 2nd, 6-4 (Groundball, 6, EV 93.1 MPH)
|
| Bottom of the 6th over - 0 runs, 0 hits, 0 errors, 1 left on base; Baltimore (APP) 5 - Cleveland (APP) 3 |
| TOP OF THE 7TH |
|
Baltimore (APP) Orioles batting - Pitching for Cleveland (APP) Indians : LHP Su-wu Pi
|
|
Batting: RHB C.J. Wells
|
0-0: Ball 1-0: Swinging Strike 1-1: Ball 2-1: Ball 3-1: Base on Balls
|
|
Batting: LHB Jeremy Nuzzo
|
0-0: Called Strike 0-1: Swinging Strike 0-2: Ball 1-2: Strikes out swinging
|
|
Pitching: RHP Ian Nordquist
|
|
|
Batting: RHB Minoru Matsumoto
|
0-0: Ball 1-0: Ball 2-0: Called Strike 2-1: Grounds into double play, 5-4-3 (Groundball, 5, EV 105.0 MPH)
|
| Top of the 7th over - 0 runs, 0 hits, 0 errors, 0 left on base; Baltimore (APP) 5 - Cleveland (APP) 3 |
| BOTTOM OF THE 7TH |
|
Cleveland (APP) Indians batting - Pitching for Baltimore (APP) Orioles : RHP Bob Bychyk
|
|
Batting: RHB Luke Burnham
|
0-0: Ball 1-0: Ball 2-0: Foul Ball, location: 2F 2-1: Ball 3-1: Fly out, F7 (Line Drive, 78D, EV 88.1 MPH)
|
|
Pitching: RHP Dave Patenaude
|
|
|
Batting: RHB Jose Rodriguez
|
0-0: Ball 1-0: Called Strike 1-1: SINGLE (Groundball, 56D, EV 93.8 MPH)
|
|
Batting: LHB Mario Garza
|
0-0: Called Strike 0-1: Ball 1-1: DOUBLE (Line Drive, 78M, EV 104.4 MPH) Jose Rodriguez to third
|
|
Pinch Hitting: LHB Justin Eargle
|
0-0: Swinging Strike 0-1: Called Strike 0-2: Foul Ball, location: 2F 0-2: Fly out, F8 (Flyball, 89M, EV 90.6 MPH)
|
|
Batting: RHB Justin Teague
|
0-0: Ball 1-0: Foul Ball, location: 2F 1-1: Foul Ball, location: 2F 1-2: Ball 2-2: Foul Ball, location: 2F 2-2: DOUBLE (Line Drive, 78M, EV 109.4 MPH) Jose Rodriguez scores Mario Garza scores
|
|
Batting: LHB Shane Montalvo
|
0-0: SINGLE (Line Drive, 9LS, EV 93.8 MPH) Justin Teague to third Runner from 3rd tries for Home, SAFE, throw by RF to home Shane Montalvo to second
|
|
Pitching: RHP Zhao-jun Zong
|
|
|
Batting: RHB Andy Lewis
|
0-0: Ball 1-0: Called Strike 1-1: Foul Ball, location: 2F 1-2: Ball 2-2: SINGLE (Line Drive, 4D, EV 96.9 MPH) Shane Montalvo to third Runner from 3rd tries for Home, SAFE, throw by RF to home
|
|
Pitching: LHP Fadeuka Aleev
|
|
|
Batting: LHB Mesfin Azagba
|
0-0: Ball 1-0: Called Strike 1-1: Ball 2-1: Ball Andy Lewis steals 2nd base 3-1: Base on Balls
|
|
Batting: LHB Sergei Stefanov
|
0-0: Ball 1-0: Ball 2-0: Called Strike 2-1: Ball 3-1: Foul Ball, location: 2F 3-2: Ground out 6-3 (Groundball, 56D, EV 101.9 MPH)
|
| Bottom of the 7th over - 4 runs, 5 hits, 0 errors, 2 left on base; Baltimore (APP) 5 - Cleveland (APP) 7 |
| TOP OF THE 8TH |
|
Baltimore (APP) Orioles batting - Pitching for Cleveland (APP) Indians : RHP Ian Nordquist
|
|
Now at 2B: Makoto Narita
|
|
|
Batting: LHB Chris Cohen
|
0-0: Called Strike 0-1: Fly out, F7 (Flyball, 78M, EV 75.6 MPH)
|
|
Batting: LHB Xue-liang Zhou
|
0-0: Called Strike 0-1: Ball 1-1: Called Strike 1-2: Foul Ball, location: 2F 1-2: Ball 2-2: Ball 3-2: Fly out, F8 (Flyball, 8LD, EV 101.2 MPH)
|
|
Batting: RHB Han Caspers
|
0-0: Swinging Strike 0-1: SINGLE (Groundball, 6MD, EV 104.4 MPH)
|
|
Pinch Hitting: SHB Eric Kelley
|
0-0: TRIPLE (Flyball, 89XD, EV 101.9 MPH) Han Caspers scores
|
|
Pinch Hitting: RHB Juan Eyrich
|
0-0: Ball 1-0: Fly out, F8 (Flyball, 8RS, EV 95.0 MPH)
|
| Top of the 8th over - 1 run, 2 hits, 0 errors, 1 left on base; Baltimore (APP) 6 - Cleveland (APP) 7 |
| BOTTOM OF THE 8TH |
|
Cleveland (APP) Indians batting - Pitching for Baltimore (APP) Orioles : LHP Fadeuka Aleev
|
|
Pitching: LHP Lawson Noseworthy
|
|
|
Now at 2B: Juan Eyrich
|
|
|
Now at SS: Javier Brizuela
|
|
|
Batting: RHB Luke Burnham
|
0-0: Swinging Strike 0-1: Called Strike 0-2: Reached on error, E6 (Groundball, 6, EV 102.5 MPH)
|
|
Batting: RHB Jose Rodriguez
|
0-0: Bunted foul 0-1: Bunted foul 0-2: Ground out 3-1 (Groundball, 34S, EV 69.4 MPH) Luke Burnham to second
|
|
Batting: LHB Mario Garza
|
0-0: Ball 1-0: Ball 2-0: Ground out 1-3 (Groundball, 13, EV 73.8 MPH) Luke Burnham to third
|
|
Batting: RHB Makoto Narita
|
0-0: Ball 1-0: Called Strike 1-1: Foul Ball, location: 2F 1-2: Ball 2-2: Ball 3-2: Ground out U3 (Groundball, 3, EV 81.2 MPH)
|
| Bottom of the 8th over - 0 runs, 0 hits, 1 error, 1 left on base; Baltimore (APP) 6 - Cleveland (APP) 7 |
| TOP OF THE 9TH |
|
Baltimore (APP) Orioles batting - Pitching for Cleveland (APP) Indians : RHP Ian Nordquist
|
|
Pitching: RHP Chris Gomez
|
|
|
Batting: RHB Ruben Domingues
|
0-0: SINGLE (Groundball, 56D, EV 104.4 MPH)
|
|
Batting: RHB C.J. Wells
|
0-0: Foul Ball, location: 2F 0-1: Swinging Strike 0-2: Fielders Choice at 2nd, 4-6 (Groundball, 4, EV 100.0 MPH)
|
|
Batting: LHB Jeremy Nuzzo
|
0-0: Ball 1-0: Ball 2-0: Ball 3-0: Called Strike 3-1: Foul Ball, location: 2F 3-2: Base on Balls C.J. Wells to second
|
|
Batting: RHB Minoru Matsumoto
|
0-0: Ball 1-0: Called Strike 1-1: Fly out, F9 (Flyball, 9D, EV 88.1 MPH) Runner from 2nd tags up, SAFE at 3rd with throw by RF
|
|
Batting: LHB Chris Cohen
|
0-0: Called Strike 0-1: Foul Ball, location: 2F 0-2: Strikes out swinging
|
| Top of the 9th over - 0 runs, 1 hit, 0 errors, 2 left on base; Baltimore (APP) 6 - Cleveland (APP) 7 |
|